 Dungeon Crawl Stone Soup version 0.30-a0-354-g6b83867211 (webtiles) character file.

Game seed: 12904371074255033125

5037 iguanaiguana the Skirmisher (level 10, -10/61 HPs)
             Began as a Kobold Hunter on Nov 8, 2022.
             Was a Follower of Hepliaklqana.
             Shot with an arrow by a centaur (11 damage)
             ... on level 8 of the Dungeon.
             The game lasted 00:27:32 (6908 turns).

iguanaiguana the Skirmisher (Kobold Hunter)         Turns: 6908, Time: 00:27:33

Health: -10/61     AC:  5    Str:  8    XL:     10   Next: 85%
Magic:  10/10      EV: 20    Int: 12    God:    Hepliaklqana [*.....]
Gold:   1556       SH:  0    Dex: 22    Spells: 9/9 levels left

rFire   . . .      SeeInvis .    a - +1 shortbow
rCold   . . .      Faith    .    (shield currently unavailable)
rNeg    . . .      Spirit   .    c - +0 leather armour
rPois   +          Reflect  .    (no helmet)
rElec   .          Harm     .    s - +1 cloak
rCorr   .          Rampage  .    (no gloves)
Will    +....                    (no boots)
Stlth   ++++++....               i - amulet of the acrobat
HPRegen 0.30/turn                e - ring of willpower
MPRegen 0.12/turn                r - ring of poison resistance

@: no status effects
A: reduced essence, small, no large weapons, nightstalker 3
a: Renounce Religion, Recall Ancestor, Ancestor Identity


You were on level 8 of the Dungeon.
You worshipped Hepliaklqana.
Hepliaklqana was aware of your devotion.
You visited 1 branch of the dungeon, and saw 8 of its levels.
You also visited: Ossuary and Bailey.

You collected 1556 gold pieces.

Inventory:

Hand Weapons
 a - a +1 shortbow (weapon)
 b - the +6 dagger "Dypnoc" {protect, rPois rN+}
   (You found it on level 3 of the Dungeon)

   It grants its wielder temporary protection when it strikes (+7 to AC).
   rPois:     It protects you from poison.
   rN:        It protects you from negative energy.
Missiles
 l - 18 poisoned darts
 G - 16 boomerangs
 N - a boomerang of dispersal
Armour
 c - a +0 leather armour (worn)
 s - a +1 cloak (worn)
Jewellery
 d - an amulet of magic regeneration
 e - a ring of willpower (left hand)
 i - an amulet of the acrobat (around neck)
 m - a ring of flight
 r - a ring of poison resistance (right hand)
 t - a ring of positive energy
 v - a ring of protection from cold
 z - a ring of protection from cold
 C - a ring of fire
 L - a +6 ring of strength
Wands
 y - a wand of polymorph (8)
 H - a wand of light (1)
 J - a wand of flame (19)
Scrolls
 h - 2 scrolls of teleportation {@r3}
 j - a scroll of butterflies
 k - 3 scrolls of blinking {@r4}
 n - 2 scrolls of enchant armour
 o - a scroll of enchant weapon
 q - a scroll of vulnerability
 u - 3 scrolls of identify {@r1}
 I - a scroll of immolation
Potions
 f - 7 potions of degeneration
 g - 4 potions of haste {@q4}
 p - 6 potions of flight
 w - 3 potions of lignification
 A - 3 potions of mutation {unknown}
 B - a potion of curing {@q1}
 D - 2 potions of berserk rage {unknown}
 E - a potion of resistance {@q5}
 F - a potion of attraction {unknown}
 K - a potion of magic {unknown}
 M - a potion of heal wounds {unknown}
 O - a potion of might {@q3}


   Skills:
 - Level 10.0 Fighting
 - Level 4.0 Short Blades
 + Level 11.2 Ranged Weapons
 - Level 8.0 Dodging
 - Level 10.0 Stealth


You had 9 spell levels left.
You didn't know any spells.
Your spell library contained the following spells:

 Spells                   Type           Power      Damage    Failure   Level
 Beastly Appendage        Tmut           0%         N/A       43%         1
 Kiss of Death            Conj/Necr      0%         2d5       43%         1
 Magic Dart               Conj           0%         1d3       43%         1
 Necrotise                Necr           0%         1d4       43%         1
 Ensorcelled Hibernation  Hex/Ice        0%         N/A       58%         2
 Passwall                 Tmut/Erth      0%         N/A       58%         2
 Wereblood                Tmut           0%         N/A       58%         2
 Hailstorm                Conj/Ice       0%         3d3       82%         3
 Spider Form              Tmut/Pois      0%         N/A       82%         3
 Summon Guardian Golem    Hex/Summ       0%         N/A       82%         3
 Swiftness                Air            0%         N/A       82%         3
 Vampiric Draining        Necr           0%         2d6       82%         3
 Ice Form                 Ice/Tmut       0%         N/A       99%         4
 Agony                    Necr           0%         N/A       100%        5
 Simulacrum               Ice/Necr       0%         N/A       100%        6
 Orb of Destruction       Conj           0%         9d5       100%        7
 Spellforged Servitor     Conj/Summ      0%         N/A       100%        7


Dungeon Overview and Level Annotations

Branches:
Dungeon (8/15) Zot: 26404  Temple (0/1) D:7         Ossuary (visited)
 Bailey (visited)
   Lair: D:8-11

Altars:
Ashenzari
Elyvilon
Hepliaklqana
Makhleb
Nemelex Xobeh
Qazlal
Ru
Sif Muna
Trog
Wu Jian
The Shining One

Shops:
D:2 *

Annotations:
D:4 Dowan, Eustachio
D:6 2 runed translucent doors, exclusion: 2 doors, Menkaure
D:8 Grum


Innate Abilities, Weirdness & Mutations

Your life essence is reduced to manifest your ancestor. (-10% HP)
You are small and have problems with some larger weapons.
You are completely attuned to the shadows.


Message History

Your centaur unwields a +0 shortbow.
Your centaur misses the wolf.
Your centaur barely misses the wolf.
The centaur hits something.
Something bites your centaur!
The centaur misses something.
The centaur kicks something.
Your centaur wields a +0 shortbow.
Your centaur shoots an arrow.
The arrow hits the yak!
The yak dies!
The centaur hits your white imp. The centaur kicks your white imp.
Your white imp dies!
Your white imp dissolves into shadows!
Your centaur unwields a +0 shortbow.
Your centaur barely misses Grum.
Your centaur completely misses Grum.
Your orc warrior hits Grum with a +0 vorpal glaive!
You see here a yak corpse.
You are too injured to fight recklessly!
Fire: a) +1 shortbow
Press: ? - help, Q - select action, (/) - cycle Shift-Dir - straight line
Okay, then.
What are your orders? t - Shout!
Orders for allies: a - Attack new target. r - Retreat! s - Stop attacking. g - Guard the area. f - Follow me.
Anything else - Cancel.
Gang up on whom?
Press: ? - help, Dir - move target, f - centaur
Aim: a centaur (heavily wounded, unaware, hasn't noticed you)
Okay, then.
Fire: a) +1 shortbow
Press: ? - help, Q - select action, (/) - cycle Shift-Dir - straight line, f - wolf
Aim: a wolf (60% to hit)
You shoot an arrow. The arrow misses the wolf.
The centaur wields a +0 shortbow.
The centaur shoots an arrow.
The arrow hits you!
* * * LOW HITPOINT WARNING * * *
Your centaur barely misses Grum.
Your centaur kicks Grum.
Your orc wizard gestures at the wolf while chanting.
The puff of flame hits the wolf!
The wolf dies!
The centaur shoots an arrow.
The arrow hits you!
You die...

#.# #.# ###+#. #.# #.#
####....# #.# #.#
#§g†o.... #.#
#.####.##h...# #.#
#....#.#.#.... #.#
####.o.o.#.###
#########.# #g.c#.#..
<....>....#######h.c#.#
................@......
..#################c...
..# ..... ..# .... ..#
. .# #####.# #..<#.#
#†###.#


You could see Grum, a wolf, a centaur, a friendly orc warrior (summoned), 2
friendly centaurs and a friendly orc wizard (summoned).

Vanquished Creatures
  Grinder (D:6)
  Sigmund (D:6)
  2 yaks
  An ice beast (D:6)
  9 orc warriors
  A sky beast (D:8)
  A black bear (D:5)
  An ogre (D:6)
  A centaur (D:5)
  A kobold brigand (D:7)
  A phantom (D:5)
  A gnoll sergeant (D:8)
  A necrophage (D:5)
  13 scorpions
  3 wights (D:6)
  2 howler monkeys (D:8)
  A centaur zombie (Ossuary)
  A hound (D:6)
  2 human zombies (Ossuary)
  7 orc priests
  Jessica (D:2)
  5 iguanas
  6 orc wizards
  3 scorpion zombies (Ossuary)
  6 gnolls
  9 adders
  3 white imps
  26 orcs
  6 ball pythons
  7 endoplasms
  2 giant cockroaches (D:1)
  10 goblins
  6 hobgoblins
  17 kobolds
  4 quokkas
  5 bats
  A frilled lizard (D:1)
  A gnoll zombie (Ossuary)
  A goblin zombie (Ossuary)
  2 hobgoblin zombies (Ossuary)
  A kobold zombie (Ossuary)
  2 orc zombies (Ossuary)
  19 rats
194 creatures vanquished.

Vanquished Creatures (collateral kills)
  Prince Ribbit (D:6)
  A yak (D:8)
  An ogre (D:5)
  3 wolves (D:8)
  A wight (D:6)
  A hound (D:6)
  2 iguanas (D:6)
  2 scorpion zombies (Ossuary)
  An orc wizard (D:6)
  3 mummies (Ossuary)
  A worm (D:5)
  10 orcs
  4 kobolds
  A kobold zombie (Ossuary)
32 creatures vanquished.

Vanquished Creatures (others)
  10 ancestors
10 creatures vanquished.

Grand Total: 236 creatures vanquished

Notes
Turn   | Place    | Note
-------+----------+-------------------------------------------
     0 | D:1      | iguanaiguana the Kobold Hunter began the quest for the Orb.
     0 | D:1      | Reached XP level 1. HP: 12/12 MP: 1/1
    55 | D:1      | Reached XP level 2. HP: 17/17 MP: 2/2
    98 | D:1      | Reached skill level 6 in Ranged Weapons
   270 | D:1      | Reached XP level 3. HP: 21/21 MP: 3/3
   748 | D:2      | Found a glowing golden altar of the Shining One.
   800 | D:2      | Reached skill level 7 in Ranged Weapons
   925 | D:2      | Reached XP level 4. HP: 26/26 MP: 4/4
   933 | D:2      | Found Zecletwo's Assorted Antiques.
  1010 | D:2      | Noticed Jessica
  1019 | D:2      | Killed Jessica
  1457 | D:3      | Found a hazy altar of Hepliaklqana.
  1461 | D:3      | Became a worshipper of Hepliaklqana the Forgotten
  1478 | D:3      | Reached XP level 5. HP: 30/30 MP: 5/5
  1571 | D:3      | Identified the +6 dagger "Dypnoc" {protect, rPois rN+}
  1607 | D:3      | Reached skill level 8 in Ranged Weapons
  2111 | D:4      | Noticed Dowan
  2349 | D:4      | Noticed Eustachio
  2400 | D:5      | Entered Level 5 of the Dungeon
  2442 | D:5      | Reached XP level 6. HP: 35/35 MP: 6/6
  2457 | D:5      | Reached skill level 9 in Ranged Weapons
  2592 | D:5      | Reached skill level 10 in Ranged Weapons
  2599 | D:5      | Reached XP level 7. HP: 16/40 MP: 7/7
  2738 | D:5      | Reached * piety under Hepliaklqana
  3199 | D:5      | Reached skill level 5 in Fighting
  3199 | D:5      | Reached XP level 8. HP: 43/44 MP: 8/8
  3657 | D:6      | Found a sacrificial altar of Ru.
  3686 | D:6      | Found a stormy altar of Qazlal.
  3686 | D:6      | Noticed a water elemental
  3689 | D:6      | Noticed a fire elemental
  3689 | D:6      | Noticed an air elemental
  3723 | D:6      | Found a large runed translucent door.
  3724 | D:6      | Found a large runed translucent door.
  3724 | D:6      | Noticed Menkaure
  3757 | D:6      | Noticed Sigmund
  3759 | D:6      | Killed Sigmund
  3772 | D:6      | Reached skill level 5 in Stealth
  3800 | D:6      | Found a sand-covered staircase.
  3813 | Ossuary  | Entered an ossuary
  3865 | Ossuary  | Reached XP level 9. HP: 41/49 MP: 9/9
  4260 | Ossuary  | Reached skill level 10 in Stealth
  4308 | Ossuary  | Reached skill level 5 in Dodging
  4511 | D:6      | Found an ornate altar of the Wu Jian Council.
  4529 | D:6      | Noticed Prince Ribbit
  4536 | D:6      | Killed Prince Ribbit
  4616 | D:6      | Noticed Grinder
  4627 | D:6      | Killed Grinder
  4733 | D:6      | Reached XP level 10. HP: 56/56 MP: 10/10
  4915 | D:6      | Found a sparkling altar of Nemelex Xobeh.
  5018 | D:6      | Found a shimmering blue altar of Sif Muna.
  5032 | D:6      | Got Sif Muna's Omnibus of Conjuration
  5037 | D:6      | Found a bloodstained altar of Trog.
  5157 | D:7      | Found a staircase to the Ecumenical Temple.
  5161 | D:7      | Found a broken altar of Ashenzari.
  5863 | D:8      | Found a burning altar of Makhleb.
  5906 | D:8      | Found a flagged portal.
  5990 | Bailey   | Entered a bailey
  6589 | D:7      | Reached skill level 10 in Fighting
  6726 | D:8      | Found a white marble altar of Elyvilon.
  6892 | D:8      | Noticed Grum
  6893 | D:8      | Reached skill level 11 in Ranged Weapons
  6908 | D:8      | HP: 1/61 [centaur/arrow (12)]
  6908 | D:8      | Shot with an arrow by a centaur

Illustrated notes

Levels and vault maps discovered:
D:1:      reono_arrival_forest_river, layout_rooms
D:2:      layout_loops_ring, serial_shops, shop, basic_altar,
          minmay_rat_gold_closets, uniq_jessica
D:3:      layout_rooms, nzn_hepliaklqana_mist_gate
D:4:      layout_loops_ring, minivault_14, minmay_shop_enchanted_jewellery,
          uniq_duvessa, uniq_eustachio
D:5:      layout_basic
D:6:      layout_rooms, nzn_overflow_gifts_of_might_and_magic,
          nicolae_qazlal_style_of_elements, mainiacjoe_overflow_alcove_1,
          jmf_multi_god_temple2, mainiacjoe_overflow_catwalk,
          mainiacjoe_overflow_alcove_2, enter_ossuary_1, uniq_grinder,
          uniq_menkaure, uniq_prince_ribbit1, uniq_sigmund
D:7:      layout_layer_cave, overflow_temple_1_default, temple_pool_b,
          minmay_misc_feat_ornament
D:8:      layout_basic, kennysheep_mini_moat, overflow_temple_1_default,
          enter_bailey_8, hangedman_abyss_or_decor_jellyfish_corner,
          minivault_11, minmay_lindwurm_lava, uniq_grum

Skill      XL: |  1  2  3  4  5  6  7  8  9 10 |
---------------+-------------------------------+-----
Ranged Weapons | 6 7 8 10 11 | 11.2
Short Blades   | 2 4 |  4.0
Fighting       | 5 6 7 10 | 10.0
Dodging        | 4 6 8 |  8.0
Stealth        | 7 10 | 10.0

Action                   |  1- 3 |  4- 6 |  7- 9 | 10-12 || total
-------------------------+-------+-------+-------+-------++-------
Melee: Dagger            |       |    66 |    17 |    16 ||    99
       Punch             |       |     1 |       |       ||     1
 Fire: Shortbow          |    92 |    89 |   180 |   203 ||   564
Throw: Dart              |       |       |       |     1 ||     1
Invok: Recall Ancestor   |       |       |     5 |     2 ||     7
Evoke: Wand              |       |       |       |     3 ||     3
  Use: Potion            |       |     5 |     1 |       ||     6
       Scroll            |       |     1 |     9 |     3 ||    13
 Stab: Sleeping          |       |     1 |     1 |       ||     2
       Invisible         |       |       |       |     2 ||     2
Armor: Leather armour    |    13 |    27 |    11 |     3 ||    54
       Skin              |       |    16 |       |       ||    16
Dodge: Dodged            |    30 |    62 |    44 |    78 ||   214

Table legend: (Time is in decaauts)
 A = Elapsed time spent in this place.
 B = Non-inter-level travel time spent in this place.
 C = Inter-level travel time spent in this place.
 D = Time resting spent in this place.
 E = Time spent auto-exploring this place.
 F = Levels seen in this place.
 G = Mean time per level.
                   A        B        C        D        E       F      G
               +--------+--------+--------+--------+--------+-----+--------+
         Total |   6963 |   6565 |    398 |    230 |   4672 |  10 |  696.3 |
       Dungeon |   5854 |   5456 |    398 |    222 |   4018 |   8 |  731.8 |
       Ossuary |    590 |    590 |      0 |      0 |    359 |   1 |  590.0 |
        Bailey |    518 |    518 |      0 |      8 |    294 |   1 |  518.0 |
               +--------+--------+--------+--------+--------+-----+--------+

Top non-repeatable levels by time:
     D:5: 1213 daAuts
     D:2: 884 daAuts
     D:6: 871 daAuts
     D:7: 775 daAuts
     D:3: 673 daAuts
     D:1: 613 daAuts
 Ossuary: 590 daAuts
     D:8: 558 daAuts
  Bailey: 518 daAuts
     D:4: 264 daAuts
